 Dungeon Crawl Stone Soup version 0.23-a0-171-g5ae17c6e89 (webtiles) character file.

546 Holzbalken the Cudgeler (level 7, -1/50 HPs)
             Began as a Demonspawn Gladiator on Sept 14, 2018.
             Was an Initiate of Ashenzari.
             Shot with an arrow by a centaur (11 damage)
             ... on level 5 of the Dungeon.
             The game lasted 00:11:42 (3782 turns).

Holzbalken the Cudgeler (Demonspawn Gladiator)      Turns: 3782, Time: 00:11:43

Health: -1/50      AC:  7    Str: 14    XL:     7   Next: 6%
Magic:  0/7        EV: 13    Int:  9    God:    Ashenzari [......]
Gold:   219        SH:  4    Dex: 17    Spells: 6/6 levels left

rFire    . . .     SeeInvis .   a - +1 flail
rCold    . . .     Gourm    .   (no shield)
rNeg     . . .     Faith    .   b - +0 leather armour
rPois    .         Spirit   +   c - +0 helmet
rElec    .         Reflect  +   (no cloak)
rCorr    .         Harm     .   h - +0 pair of gloves
MR       .....                  (no boots)
Stlth    ++........             q - +4 amulet of reflection (curse)
HPRegen  0.16/turn              (no ring)
MPRegen  0.10/turn              (no ring)

@: no status effects
A: thin metallic scales 1, nightstalker 1, magic shield
a: Curse Item, Renounce Religion


You were on level 5 of the Dungeon.
You worshipped Ashenzari.
Ashenzari was noncommittal.
You were not hungry.

You visited 2 branches of the dungeon, and saw 6 of its levels.

You collected 219 gold pieces.

Inventory:

Hand Weapons
 a - a +1 flail (weapon)
Missiles
 d - 3 throwing nets (quivered)
Armour
 b - a +0 leather armour (worn)
 c - a +0 helmet (worn)
 h - a +0 pair of gloves (worn)
 i - a +0 plate armour
Jewellery
 q - a cursed +4 amulet of reflection (around neck)
 t - an uncursed amulet of the acrobat
Scrolls
 g - a scroll of blinking
 l - a scroll of random uselessness
 n - 3 scrolls of fog
 r - a scroll of noise {unknown}
 v - a scroll of fear {unknown}
Potions
 e - a potion of brilliance {unknown}
 k - 2 potions of curing {unknown}
 m - a potion of resistance {unknown}
 o - a potion of lignification {unknown}
 p - a potion of haste {unknown}
 s - a potion of invisibility {unknown}
 u - 3 potions of heal wounds {unknown}
Comestibles
 f - 9 rations
 j - 10 chunks of flesh


   Skills:
 - Level 2.0 Fighting
 + Level 7.4 Maces & Flails
 - Level 1.7 Throwing
 - Level 2.6 Dodging


You had 6 spell levels left.
You didn't know any spells.
Your spell library was empty.

Dungeon Overview and Level Annotations

Branches:
Dungeon (5/15)             Temple (1/1) D:4

Altars:
Ashenzari
Fedhas
Gozag
Hepliaklqana
Nemelex Xobeh
Okawaru
Qazlal
Ru
Trog
Uskayaw
Xom
Yredelemnul
The Shining One


Innate Abilities, Weirdness & Mutations

You are partially covered in thin metallic scales. (AC +2)
You are slightly more attuned to the shadows.
When hurt, damage is shared between your health and your magic reserves.


Message History

Menkaure barely misses you.
You sock Menkaure!
Menkaure is severely damaged.
You hit Menkaure but do no damage.
Menkaure is severely damaged.
Menkaure breathes soot at you.
Menkaure calls on the powers of darkness!
Your body is wracked with pain!
* * * LOW HITPOINT WARNING * * *
The centaur convulses!
The worker ant convulses!
You barely miss Menkaure.
Menkaure is severely damaged.
Menkaure points at you and mumbles some strange words.
Pain shoots through your body!
You sock Menkaure!
You destroy Menkaure!
Your Maces & Flails skill increases to level 7!
You have reached level 7!
The centaur wields a shortbow.
The centaur shoots an arrow.
The arrow hits you!
You die...

....#### #.......###
.......###..)...##
.......##......###
#................#
#.............##..
#...#........# # #
###?...†........
##.#...#...........#
#.c.@##..........###
#.a###..##.......#
#... #.####.......
### #.. ###..... ..#
..... ...


You could see a centaur and a worker ant.

Vanquished Creatures
  Menkaure (D:5)
  An ice beast (D:5)
  2 hounds (D:4)
  2 orc wizards (D:4)
  A bullfrog skeleton (D:4)
  Jessica (D:2)
  6 adders
  2 shadow imps
  An ooze (D:2)
  2 worms
  2 dart slugs
  A leopard gecko (D:3)
  11 orcs
  5 ball pythons
  11 bats
  3 giant cockroaches
  7 goblins
  5 hobgoblins
  2 quokkas
  5 frilled lizards
  4 kobolds
  10 rats
  A butterfly (D:4)
86 creatures vanquished.

Notes
Turn   | Place    | Note
-------+----------+-------------------------------------------
     0 | D:1      | Holzbalken the Demonspawn Gladiator began the quest for the
                  | Orb.
     0 | D:1      | Reached XP level 1. HP: 16/16 MP: 1/1
    20 | D:1      | Reached skill level 3 in Maces & Flails
   122 | D:1      | Gained mutation: You are partially covered in thin metallic
                  | scales. (AC +2) [demonic ancestry]
   122 | D:1      | Reached XP level 2. HP: 22/22 MP: 2/2
   616 | D:1      | Reached XP level 3. HP: 25/27 MP: 3/3
   965 | D:2      | Reached skill level 4 in Maces & Flails
  1003 | D:2      | Noticed Jessica
  1011 | D:2      | Killed Jessica
  1011 | D:2      | Reached XP level 4. HP: 17/33 MP: 4/4
  1702 | D:2      | Reached skill level 5 in Maces & Flails
  1953 | D:3      | Found a faded altar of an unknown god.
  2349 | D:3      | Gained mutation: When hurt, damage is shared between your
                  | health and your magic reserves. [demonic ancestry]
  2349 | D:3      | Reached XP level 5. HP: 38/38 MP: 5/5
  2683 | D:4      | Found a staircase to the Ecumenical Temple.
  2700 | Temple   | Entered the Ecumenical Temple
  2911 | Temple   | Became a worshipper of Ashenzari the Shackled
  3470 | D:4      | Reached skill level 6 in Maces & Flails
  3668 | D:4      | Gained mutation: You are slightly more attuned to the
                  | shadows. [demonic ancestry]
  3668 | D:4      | Reached XP level 6. HP: 36/44 MP: 6/6
  3719 | D:5      | Entered Level 5 of the Dungeon
  3722 | D:5      | Noticed an ice beast
  3734 | D:5      | Killed an ice beast
  3772 | D:5      | Noticed Menkaure
  3782 | D:5      | Killed Menkaure
  3782 | D:5      | Reached skill level 7 in Maces & Flails
  3782 | D:5      | Reached XP level 7. HP: 9/50 MP: 2/7
  3782 | D:5      | Shot with an arrow by a centaur

Vault maps used:
D:1:      onia_arrival_handbag, serial_curves, eino_curves_04, eino_curves_01,
          st_stairs_13, hangedman_decor_clover_reticule, minmay_unequal
D:2:      uniq_jessica
D:3:      first_ration, serial_bayou, serial_bayou_shore_b, serial_bayou_pond_b,
          serial_bayou_pond_e, serial_bayou_pond_d,
          chequers_ecumenical_altar_island, minmay_misc_feat_iff, wad_orctagon
D:4:      minmay_temple_entry_butterflies
D:5:      grunt_dithmenos_smoke_and_mirrors, ashenzari_altar_1, uniq_menkaure
Temple:   nicolae_temple_figure_eight

Skill      XL: |  1  2  3  4  5  6 |
---------------+-------------------+-----
Maces & Flails | 3 4 5 6 7 |  7.4
Fighting       | |  2.0
Throwing       | |  1.7
Dodging        | |  2.6

Action                   |  1- 3 |  4- 6 |  7- 9 || total
-------------------------+-------+-------+-------++-------
Melee: Flail             |    89 |   181 |       ||   270
Invok: Curse Item        |       |     1 |       ||     1
  Use: Scroll            |       |     8 |       ||     8
 Stab: Sleeping          |     2 |       |       ||     2
  Eat: Chunk             |       |     9 |       ||     9
Armor: Leather armour    |    49 |    43 |       ||    92
Dodge: Dodged            |    86 |   118 |       ||   204
Block: Other             |       |    10 |       ||    10

Table legend:
 A = Non-vault XP
 B = Vault XP
 C = Vault XP percentage of total XP
 D = Non-vault monster count
 E = Vault monster count
 F = Vault count percentage of total count
                 A         B        C        D         E       F
            +---------+---------+-------+---------+---------+-------
      Total |     546 |     235 |  30.1 |      69 |      16 |  18.8
            +---------+---------+-------+---------+---------+-------
        D:1 |      40 |      11 |  21.6 |      23 |       8 |  25.8
        D:2 |      70 |      37 |  34.6 |      16 |       1 |   5.9
        D:3 |      34 |      15 |  30.6 |      13 |       6 |  31.6
        D:4 |     251 |       0 |   0.0 |      13 |       0 |   0.0
        D:5 |     151 |     172 |  53.3 |       4 |       1 |  20.0
            +---------+---------+-------+---------+---------+-------
